[Event "57th Biel Festival MTO 2024"]
[White "Mostertman,Milan"]
[Black "Fronda,Jan Jodilyn"]
[Site "Biel"]
[Round "3.47"]
[Annotator "RC"]
[Result "0-1"]
[Date "2024.07.17"]
[WhiteElo "2231"]
[BlackElo "2072"]
[PlyCount "84"]
[TimeControl "60"]

1. e4 c5 2. Nf3 d6 3. d4 cxd4 4. Nxd4 Nf6 5. Nc3 g6 6. Be3 Bg7 7. f3 Nbd7 8. Qd2 a6 9. O-O-O b5 10. g4 Bb7 11. g5 Nh5 12. Kb1 Nb6 13. Qf2 Nc4 14. Bxc4 bxc4 15. Nde2 O-O 16. f4 Rb8 17. Bd4 Bxd4 18. Qxd4 Qa5 19. Qxc4 Rfc8 20. Qd3 Qb6 21. b3 a5 22. Nd5 Bxd5 23. exd5 a4 24. Rhf1 Qa5 25. Qd2 Qc5 26. f5 Rb4 27. Rf3 Rcb8 28. Rdf1 R4b5 29. Rd3 Rb4 30. f6 axb3 31. cxb3 Re4 32. Ng3 Nxg3 33. hxg3 Re8 34. Qf2 Qb5 35. Rd2 Re5 36. fxe7 Rf5 37. Qxf5 gxf5 38. Re1 Qa5 39. Rde2 Qxd5 40. Re3 Kg7 41. a4 Kg6 42. Kb2 Qc5 0-1

[Event "57th Biel Festival MTO 2024"]
[White "Kwiatkowski,Jakub"]
[Black "Ohler,Julius"]
[Site "Biel"]
[Round "3.48"]
[Annotator "RC"]
[Result "1-0"]
[Date "2024.07.17"]
[WhiteElo "2024"]
[BlackElo "2078"]
[PlyCount "91"]
[TimeControl "60"]

1. e4 c6 2. d4 d5 3. e5 Bf5 4. c4 e6 5. Nc3 Bb4 6. cxd5 cxd5 7. h4 h6 8. g4 Bh7 9. Bd3 Bxd3 10. Qxd3 Ne7 11. h5 Qa5 12. Nge2 Nbc6 13. Bd2 Qb6 14. O-O-O Bxc3 15. Bxc3 Nb4 16. Bxb4 Qxb4 17. Kb1 Rc8 18. f4 Qc4 19. Qd2 Kd7 20. Rhf1 g6 21. Ng3 Rhg8 22. Rh1 g5 23. f5 Nc6 24. Ne2 Nb4 25. Nc3 Rgf8 26. Rh3 Qa6 27. Rf3 Nc6 28. Rdf1 Ke7 29. Ne2 Qc4 30. Rc1 Qa4 31. Ra3 Qb5 32. Rc5 Qb6 33. Rb3 Qa6 34. Ra3 Qb6 35. Nc3 a6 36. Na4 Qa7 37. Rac3 Kd7 38. Rc1 b5 39. Qc3 Qb7 40. Rxc6 Qxc6 41. Nc5+ Ke7 42. Qa3 Ke8 43. Nd3 Qb7 44. Rxc8+ Qxc8 45. f6 Qb7 46. Qd6 1-0

[Event "57th Biel Festival MTO 2024"]
[White "Matsumura,Cocoro"]
[Black "Kersten,Uwe"]
[Site "Biel"]
[Round "3.49"]
[Annotator "RC"]
[Result "1/2-1/2"]
[Date "2024.07.17"]
[WhiteElo "2032"]
[BlackElo "2189"]
[PlyCount "88"]
[TimeControl "60"]

1. e4 c5 2. Nf3 d6 3. d4 Nf6 4. Nc3 cxd4 5. Nxd4 Nc6 6. Bg5 e6 7. Qd3 Bd7 8. Ndb5 Nb4 9. Qd1 Qb8 10. Bxf6 gxf6 11. g3 Nc6 12. Bg2 h5 13. h4 Be7 14. O-O a6 15. Nd4 Nxd4 16. Qxd4 Qa7 17. Qd3 Rc8 18. Rfe1 Qc5 19. Rad1 Rc7 20. Rd2 b5 21. a3 Kf8 22. Kh2 a5 23. Nd1 Kg7 24. Ne3 b4 25. axb4 axb4 26. Qe2 Bb5 27. Qd1 Ra7 28. f4 Ra2 29. f5 Rxb2 30. fxe6 fxe6 31. Qa1 Qc3 32. Rf2 Kf7 33. Rf3 Ra2 34. Qxa2 Qxe1 35. Nd5 Rd8 36. Nf4 Bd7 37. Qa5 Rh8 38. Nxh5 e5 39. Nxf6 Bxf6 40. Qc7 Ke7 41. Rd3 d5 42. Rxd5 Rxh4+ 43. gxh4 Qxh4+ 44. Kg1 Qe1+ 1/2-1/2

[Event "57th Biel Festival MTO 2024"]
[White "Woltery,Nicolai"]
[Black "Frayna,Janelle Mae"]
[Site "Biel"]
[Round "3.50"]
[Annotator "RC"]
[Result "1/2-1/2"]
[Date "2024.07.17"]
[WhiteElo "2016"]
[BlackElo "2164"]
[PlyCount "56"]
[TimeControl "60"]

1. c4 e6 2. Nc3 d5 3. d4 c6 4. e4 dxe4 5. Nxe4 Bb4+ 6. Bd2 Qxd4 7. Bxb4 Qxe4+ 8. Be2 Na6 9. Ba5 Bd7 10. Nf3 Nf6 11. O-O O-O 12. Bc3 Rfd8 13. Bxf6 gxf6 14. Bd3 Qf4 15. Re1 Nc5 16. b4 Nxd3 17. Qxd3 Be8 18. Qc2 c5 19. Re4 Qf5 20. b5 a6 21. h3 axb5 22. cxb5 Bxb5 23. Rg4+ Kh8 24. Qb2 Bc6 25. Rg5 Qf4 26. Rg4 Qf5 27. Rg5 Qf4 28. Rg4 Qf5 1/2-1/2

[Event "57th Biel Festival MTO 2024"]
[White "Tellarini,Lorenzo"]
[Black "Coles,Ruben"]
[Site "Biel"]
[Round "3.51"]
[Annotator "ChessBase"]
[Result "0-1"]
[Date "2024.07.17"]
[WhiteElo "1953"]
[BlackElo "2141"]
[PlyCount "80"]
[TimeControl "60"]

1. Nf3 d5 2. g3 Nf6 3. Bg2 e6 4. d4 Be7 5. c4 O-O 6. Nc3 c6 7. O-O a5 8. Qc2 dxc4 9. Rd1 b5 10. Ne5 Nd5 11. a4 f6 12. Ng4 b4 13. Nb1 b3 14. Qd2 Bb4 15. Nc3 h5 16. Ne3 Nb6 17. Nf1 Ra7 18. e4 Rd7 19. Qe2 Rxd4 20. Rxd4 Qxd4 21. Be3 Qd8 22. Qxh5 Bxc3 23. bxc3 e5 24. Bc5 Rf7 25. Rd1 N8d7 26. Bh3 Qe8 27. Be3 Nxa4 28. Bf5 Nf8 29. Nd2 Bxf5 30. exf5 b2 31. Nb1 Qb8 32. Qg4 Qb3 33. Bd2 Nc5 34. Be3 Nd3 35. Rd2 a4 36. Qd1 Rb7 37. h4 a3 38. h5 Qxd1+ 39. Rxd1 a2 40. h6 a1=Q 0-1

[Event "57th Biel Festival MTO 2024"]
[White "Kaiser,Elmar"]
[Black "Mata,Adilson"]
[Site "Biel"]
[Round "3.52"]
[Annotator "RC"]
[Result "0-1"]
[Date "2024.07.17"]
[WhiteElo "2116"]
[BlackElo "1971"]
[PlyCount "128"]
[TimeControl "60"]

1. e4 c5 2. Nf3 d6 3. d4 cxd4 4. Nxd4 Nf6 5. Nc3 a6 6. Bg5 e6 7. f4 Be7 8. Qf3 Qc7 9. O-O-O Nbd7 10. g4 h6 11. Bxf6 Bxf6 12. h4 Nb6 13. g5 Bxd4 14. Rxd4 Qc5 15. Rd3 Bd7 16. Bh3 Nc4 17. Ne2 hxg5 18. hxg5 Qb4 19. Rb3 Qd2+ 20. Kb1 Bc6 21. Rc3 d5 22. Rxc4 dxc4 23. Nc3 O-O-O 24. a3 Qd4 25. f5 exf5 26. Qxf5+ Bd7 27. Qf3 Bxh3 28. Rxh3 Rxh3 29. Qxh3+ Kb8 30. Qf5 f6 31. gxf6 gxf6 32. Ka2 Qe5 33. Qf2 Rh8 34. Qb6 Rc8 35. Qf2 Rd8 36. Qb6 Qd6 37. Qf2 Rh8 38. Qg2 Qh2 39. Qg7 Rc8 40. Qxf6 Qxc2 41. Qd6+ Ka8 42. Qb6 Re8 43. Nd5 Qb3+ 44. Qxb3 cxb3+ 45. Kxb3 Rxe4 46. Kc3 Rh4 47. a4 Kb8 48. b3 Kc8 49. Nb6+ Kc7 50. Nc4 Rh5 51. Kb4 b6 52. Kc3 Rh3+ 53. Kb4 a5+ 54. Ka3 Kc6 55. Ne5+ Kd5 56. Nc4 Kc5 57. Ne5 Re3 58. Nc4 Re4 59. Nd2 Rf4 60. Nb1 Kd4 61. Nd2 Kd3 62. Nb1 Rf2 63. b4 axb4+ 64. Kb3 Rc2 0-1

[Event "57th Biel Festival MTO 2024"]
[White "Tkhoruk,Roman"]
[Black "Erne,Raphael"]
[Site "Biel"]
[Round "3.53"]
[Annotator "RC"]
[Result "1/2-1/2"]
[Date "2024.07.17"]
[WhiteElo "1944"]
[BlackElo "2102"]
[PlyCount "115"]
[TimeControl "60"]

1. Nf3 d5 2. g3 c6 3. Bg2 Bg4 4. O-O Nf6 5. d3 e6 6. Nbd2 Nbd7 7. c3 Be7 8. Re1 O-O 9. Qc2 Qc7 10. e4 e5 11. Nf1 dxe4 12. dxe4 Rfd8 13. Be3 a5 14. h3 Be6 15. g4 Nc5 16. Ng3 Bc4 17. Bf1 Bxf1 18. Rxf1 b5 19. g5 Ne8 20. Rfd1 Ne6 21. Rxd8 Rxd8 22. Rd1 Rxd1+ 23. Qxd1 g6 24. Qd2 a4 25. c4 Nd6 26. cxb5 Nxb5 27. Ne2 c5 28. Qc2 Qa5 29. Bd2 Qa8 30. Nxe5 Bxg5 31. Bxg5 Nxg5 32. Qxc5 Qxe4 33. Qxb5 Qxe5 34. Qxe5 Nf3+ 35. Kg2 Nxe5 36. Nc3 a3 37. bxa3 Kf8 38. f4 Nc4 39. a4 Ke7 40. Kf3 f5 41. Ke2 Kd6 42. Kd3 Kc5 43. Nd1 Nb6 44. a5 Nd5 45. Nf2 Nxf4+ 46. Kc3 Nd5+ 47. Kd3 Nf4+ 48. Ke3 g5 49. a6 Nd5+ 50. Kf3 Kb6 51. h4 h6 52. hxg5 hxg5 53. Ng4 f4 54. Nf2 Nf6 55. Nh3 g4+ 56. Kxf4 gxh3 57. Kg3 Kxa6 58. a4 1/2-1/2

[Event "57th Biel Festival MTO 2024"]
[White "Lyutsinger,Iren"]
[Black "Pinelli,Gian"]
[Site "Biel"]
[Round "3.54"]
[Annotator "RC"]
[Result "1-0"]
[Date "2024.07.17"]
[WhiteElo "2069"]
[BlackElo "1874"]
[PlyCount "43"]
[TimeControl "60"]

1. e4 c6 2. d4 d5 3. e5 c5 4. dxc5 e6 5. Bd3 Bxc5 6. Qg4 g6 7. Nf3 Nc6 8. a3 Qc7 9. Qg3 Nd4 10. Nbd2 Nc6 11. O-O a6 12. b4 Bf8 13. c4 dxc4 14. Nxc4 Bg7 15. Be3 b5 16. Nd6+ Kf8 17. Rac1 Nge7 18. Be4 Nd5 19. Bxd5 exd5 20. Qf4 Be6 21. Ng5 Kg8 22. Nxe6 1-0

[Event "57th Biel Festival MTO 2024"]
[White "Borner,Daniel"]
[Black "Malli,Shiivesh Sunil"]
[Site "Biel"]
[Round "3.55"]
[Annotator "RC"]
[Result "0-1"]
[Date "2024.07.17"]
[WhiteElo "2075"]
[BlackElo "1916"]
[PlyCount "93"]
[TimeControl "60"]

1. e4 c5 2. Nf3 Nc6 3. d4 cxd4 4. Nxd4 g6 5. c4 Bg7 6. Be3 d6 7. Nc3 Nf6 8. Be2 O-O 9. Qd2 Ng4 10. Bxg4 Bxg4 11. O-O a6 12. f3 Bd7 13. Rfd1 Qa5 14. Nd5 Qxd2 15. Rxd2 Rae8 16. Nb6 Bc8 17. Rad1 Nxd4 18. Bxd4 Bxd4+ 19. Rxd4 Be6 20. R4d3 f5 21. exf5 Rxf5 22. Re1 Kf7 23. Rde3 Re5 24. Rxe5 dxe5 25. Rd1 Kf6 26. Kf2 h5 27. h4 Rg8 28. b3 Re8 29. Ke3 Rg8 30. Nd7+ Bxd7 31. Rxd7 Rb8 32. Ke4 e6 33. g4 g5 34. hxg5+ Kxg5 35. gxh5 b5 36. c5 Rc8 37. b4 a5 38. a3 axb4 39. axb4 Rf8 40. Kxe5 Rxf3 41. Kxe6 Rb3 42. Rd4 Rc3 43. Kd5 Kxh5 44. Kc6 Rc4 45. Rd5+ Kg6 46. Kxb5 Rc1 47. Re5 0-1

[Event "57th Biel Festival MTO 2024"]
[White "Pappier,Carlos"]
[Black "Pisan,Kai"]
[Site "Biel"]
[Round "3.56"]
[Annotator "RC"]
[Result "0-1"]
[Date "2024.07.17"]
[WhiteElo "2202"]
[BlackElo "1950"]
[PlyCount "73"]
[TimeControl "60"]

1. d4 d5 2. Nf3 Nf6 3. c4 c6 4. Qc2 dxc4 5. Qxc4 Bf5 6. g3 e6 7. Bg2 Be7 8. O-O O-O 9. e3 Nbd7 10. Rd1 Qb6 11. Nc3 Ne4 12. Qe2 Rfd8 13. Ne1 Nxc3 14. bxc3 Nf6 15. e4 Bg6 16. f3 Rd7 17. Nd3 Qa6 18. Bf1 Rc8 19. Be3 Ne8 20. Qb2 Qa3 21. Ne5 b6 22. Nc4 Rdd8 23. Ne5 Rd7 24. Nd3 f6 25. Bh3 Nd6 26. Bf4 Bf7 27. Bxd6 Bxd6 28. e5 Bb8 29. Nf4 Re8 30. exf6 gxf6 31. Re1 Rde7 32. Nd3 Bg6 33. Nf4 e5 34. Nxg6 hxg6 35. Red1 Kg7 36. Bf1 f5 37. g4 0-1

[Event "57th Biel Festival MTO 2024"]
[White "Federer,Colin"]
[Black "Arbinger,Roland"]
[Site "Biel"]
[Round "3.57"]
[Annotator "RC"]
[Result "1-0"]
[Date "2024.07.17"]
[WhiteElo "2187"]
[BlackElo "2013"]
[PlyCount "73"]
[TimeControl "60"]

1. e4 d5 2. exd5 Qxd5 3. Nc3 Qd6 4. d4 Nf6 5. Nf3 g6 6. Ne5 Bg7 7. Bf4 Qd8 8. Qd2 c6 9. O-O-O Be6 10. Kb1 Nbd7 11. Bh6 Bxh6 12. Qxh6 Qc7 13. Nxd7 Qxd7 14. Be2 O-O-O 15. Rhe1 Qc7 16. h3 Qa5 17. a3 Rd7 18. Qe3 Rhd8 19. f4 h5 20. Bf3 Nd5 21. Bxd5 Bxd5 22. Qf2 e6 23. g4 hxg4 24. hxg4 b5 25. f5 gxf5 26. gxf5 b4 27. axb4 Qxb4 28. Nxd5 exd5 29. Rd3 Rb7 30. Rb3 Qd6 31. Rxb7 Kxb7 32. Qe3 Rd7 33. Qe8 Rc7 34. Re3 Qd7 35. Rb3+ Ka6 36. Qe2+ Ka5 37. Ra3+ 1-0

[Event "57th Biel Festival MTO 2024"]
[White "Douguet,Claude"]
[Black "Demchenko,Svitlana"]
[Site "Biel"]
[Round "3.58"]
[Annotator "RC"]
[Result "0-1"]
[Date "2024.07.17"]
[WhiteElo "1994"]
[BlackElo "2176"]
[PlyCount "21"]
[TimeControl "60"]

1. e4 d5 2. exd5 Nf6 3. d4 Bg4 4. Be2 Bxe2 5. Qxe2 Qxd5 6. Nf3 e6 7. O-O Nc6 8. Rd1 O-O-O 9. Nc3 Qh5 10. Bf4 Rg8 11. Ne4 0-1

[Event "57th Biel Festival MTO 2024"]
[White "Nurgaliyeva,Zarina"]
[Black "Hartmann,Wolfgang"]
[Site "Biel"]
[Round "3.59"]
[Annotator "RC"]
[Result "1-0"]
[Date "2024.07.17"]
[WhiteElo "2145"]
[BlackElo "1983"]
[PlyCount "75"]
[TimeControl "60"]

1. e4 c5 2. Nf3 Nc6 3. Bb5 g6 4. O-O Bg7 5. Nc3 e5 6. a3 Nge7 7. b4 d6 8. bxc5 dxc5 9. d3 O-O 10. Bc4 h6 11. Rb1 b6 12. Nd5 Nxd5 13. Bxd5 Bd7 14. Bb2 Qe7 15. Nd2 Rad8 16. Nc4 Nd4 17. Ne3 Be6 18. a4 Bxd5 19. Nxd5 Qd6 20. Bxd4 cxd4 21. a5 bxa5 22. Ra1 Qc5 23. Qd2 Rb8 24. Rxa5 Rb5 25. Rxb5 Qxb5 26. c4 dxc3 27. Qxc3 Rb8 28. h4 Qb2 29. Qa5 Qd4 30. h5 Qxd3 31. hxg6 fxg6 32. Qxa7 Rb1 33. Qa8+ Kh7 34. Rxb1 Qxb1+ 35. Kh2 h5 36. Qc6 Qb8 37. Ne7 Qf8 38. Qxg6+ 1-0

[Event "57th Biel Festival MTO 2024"]
[White "Kuandykuly,Danis"]
[Black "Udelnov,Valentin"]
[Site "Biel"]
[Round "3.60"]
[Annotator "RC"]
[Result "1-0"]
[Date "2024.07.17"]
[WhiteElo "1989"]
[BlackElo "1965"]
[PlyCount "68"]
[TimeControl "60"]

1. e4 e5 2. Nf3 Nc6 3. Bb5 a6 4. Ba4 Nf6 5. O-O Nxe4 6. d4 b5 7. Bb3 d5 8. dxe5 Be6 9. c3 Be7 10. Nbd2 O-O 11. Bc2 Nc5 12. Nb3 Ne4 13. Nbd4 Nxd4 14. Nxd4 Bd7 15. f3 Ng5 16. f4 Ne4 17. f5 Bg5 18. Qh5 g6 19. Qg4 c5 20. Bxe4 Bxc1 21. Raxc1 cxd4 22. Bb1 dxc3 23. e6 cxb2 24. Rce1 fxe6 25. fxg6 h6 26. Rf7 Qc7 27. Qh4 Qc5+ 28. Kh1 Qc1 29. Rg7+ Kh8 30. Rh7+ Kg8 31. h3 Rac8 32. Qd4 Qxe1+ 33. Kh2 Rf6 34. Qxf6 Qf2 1-0

[Event "57th Biel Festival MTO 2024"]
[White "Stevens,Christian"]
[Black "Tarini Goyal"]
[Site "Biel"]
[Round "3.61"]
[Annotator "RC"]
[Result "1/2-1/2"]
[Date "2024.07.17"]
[WhiteElo "1936"]
[BlackElo "2079"]
[PlyCount "74"]
[TimeControl "60"]

1. e4 c5 2. Nc3 Nc6 3. g3 g6 4. Bg2 Bg7 5. d3 d6 6. Nd5 e6 7. Ne3 Nge7 8. f4 O-O 9. Nf3 Rb8 10. O-O d5 11. e5 b5 12. d4 cxd4 13. Nxd4 Qb6 14. c3 b4 15. Kh1 Nxd4 16. Qxd4 bxc3 17. bxc3 Qxd4 18. cxd4 Ba6 19. Rd1 Rfc8 20. Ba3 Nc6 21. Rac1 Bf8 22. Bxf8 Kxf8 23. Rd2 Na5 24. Rxc8+ Rxc8 25. Kg1 Rc1+ 26. Kf2 Nc4 27. Nxc4 Bxc4 28. g4 Ra1 29. h4 Rxa2 30. Rxa2 Bxa2 31. Ke3 Bc4 32. Kd2 Ke7 33. Bf3 Kd7 34. Kc3 a5 35. Bd1 Bb5 36. Bc2 Ke7 37. g5 Kd8 1/2-1/2

[Event "57th Biel Festival MTO 2024"]
[White "Perreard,Nicolas"]
[Black "Stefan,Iulia-Cristiana"]
[Site "Biel"]
[Round "3.62"]
[Annotator "RC"]
[Result "1-0"]
[Date "2024.07.17"]
[WhiteElo "2060"]
[BlackElo "1953"]
[PlyCount "32"]
[TimeControl "60"]

1. d4 d5 2. c4 e6 3. Nf3 h6 4. Nc3 Nf6 5. Bf4 Bd6 6. Bxd6 Qxd6 7. c5 Qe7 8. e3 O-O 9. Be2 c6 10. O-O Nbd7 11. b4 e5 12. a4 e4 13. Nd2 Nh7 14. b5 f5 15. Qb3 Kh8 16. a5 a6 1-0

[Event "57th Biel Festival MTO 2024"]
[White "Kheerthi Ganta"]
[Black "Selinga,Jan"]
[Site "Biel"]
[Round "3.63"]
[Annotator "RC"]
[Result "1/2-1/2"]
[Date "2024.07.17"]
[WhiteElo "1987"]
[BlackElo "2023"]
[PlyCount "77"]
[TimeControl "60"]

1. d4 Nf6 2. Nf3 g6 3. c4 Bg7 4. Nc3 d5 5. cxd5 Nxd5 6. e4 Nxc3 7. bxc3 c5 8. Bb5+ Nc6 9. d5 Qa5 10. Rb1 a6 11. Bxc6+ bxc6 12. dxc6 Bxc3+ 13. Bd2 Be6 14. Rc1 Bxd2+ 15. Qxd2 Qb4 16. O-O Qxd2 17. Nxd2 O-O-O 18. Nb3 Bxb3 19. axb3 Kc7 20. Rxc5 Rd6 21. Rfc1 Rb8 22. R5c3 Rb6 23. Kf1 Rd2 24. Ra1 Rb2 25. g3 h5 26. h4 Rd2 27. Ra4 Rd6 28. Ke2 Rdxc6 29. Rac4 Rxc4 30. Rxc4+ Kd6 31. b4 f5 32. Ke3 e5 33. f4 Rb5 34. Kf3 exf4 35. Kxf4 fxe4 36. Kxe4 Re5+ 37. Kf4 Rf5+ 38. Ke3 Rf1 39. g4 1/2-1/2

[Event "57th Biel Festival MTO 2024"]
[White "Sasikiran,Krishnan"]
[Black "Kobo,Ori"]
[Site "Biel"]
[Round "4.1"]
[Annotator "TA"]
[Result "1/2-1/2"]
[Date "2024.07.18"]
[WhiteElo "2581"]
[BlackElo "2529"]
[PlyCount "126"]
[TimeControl "60"]

1. e4 e5 2. Nf3 Nc6 3. Bb5 a6 4. Ba4 Nf6 5. O-O Be7 6. Re1 b5 7. Bb3 d6 8. c3 O-O 9. h3 Nb8 10. d4 Nbd7 11. Nbd2 Bb7 12. Bc2 Re8 13. Nf1 Bf8 14. Ng3 a5 15. Bd2 a4 16. Bd3 c6 {[%emt 0:0:14] White has an edge.} 17. Qc2 Qb6 18. Rab1 g6 19. Be3 {[%emt 0:7:38] Hoping for dxe5.} exd4 20. cxd4 c5 21. b3 axb3 22. axb3 Qa5 (22... b4 $11 )23. d5 (23. b4 $1 $14 cxb4 24. Nd2 )Bg7 {[%emt 0:7:43] [#]} (23... b4 $11 )24. b4 $1 $14 cxb4 25. Bd2 Rac8 26. Bxb4 {[%emt 0:5:33] White is more active.} Qb6 $1 27. Qd2 {[%emt 0:7:37] Ba5 is the strong threat.} Nc5 28. Bc2 (28. Ba3 $14 )Nfd7 (28... Ra8 {is interesting.} 29. Bc3 Ra2 30. Bd4 Qa5 )29. h4 Ne5 30. Nxe5 Bxe5 31. Ba5 Qa7 {[%emt 0:1:22] White must now prevent ...Bxg3.} 32. Nf1 Ba6 33. Nh2 Na4 {[%emt 0:3:15] [#]} (33... Nb7 $11 {remains equal.} 34. Bb4 Bg7 )34. Nf3 $1 $16 Bg7 35. Bd3 (35. h5 $16 )Nc5 $14 36. Bb4 ({Much worse is} 36. Bxb5 Bxb5 (36... Rxe4 37. Bc6 $15 )(36... Nxe4 37. Qe3 $11 )37. Rxb5 Nxe4 $15 )Qd7 {[%emt 0:1:53] [#]} 37. h5 $1 Qg4 $1 38. h6 Bxh6 39. Qxh6 Nxd3 40. Ng5 {[%emt 0:0:38] The board is on fire.} Qh5 41. Qxh5 {[%emt 0:50:31] The position is equal.} gxh5 42. Re3 Nxb4 43. Rxb4 Rc4 44. Rxc4 bxc4 $11 {[%emt 0:0:0][%mdl 4096] Endgame. KRB-KRN} 45. Nf3 Rc8 {[%emt 0:0:0] Strongly threatening ...c3.} 46. Nd4 Rc5 47. Rc3 Bc8 48. f3 f5 49. Kf2 Kf7 50. Ke3 fxe4 51. fxe4 Kf6 52. Kf4 {[%emt 0:0:0][%mdl 1024] White has compensation.} Bd7 53. Nc2 h4 54. Ke3 Rc8 55. Kd4 Ke7 56. Ne3 h3 57. gxh3 (57. Rxc4 $2 {loses.} Rxc4+ 58. Kxc4 h2 $19 )Bxh3 58. Nxc4 Bf1 {[%emt 0:0:41] And now ...Rxc4+ would win.} 59. Nxd6 Rxc3 60. Nf5+ Kf6 61. Kxc3 {[%emt 0:15:4] Threatens to win with Kd4.} Ke5 62. Ne3 Kxe4 63. Nxf1 {[%emt 0:0:0] White threatens d6 and mate.} Kxd5 {[%emt 0:0:0] Weighted Error Value: White=0.10 (very precise) /Black=0.10 (very precise) .  Mistake:       	White=3     	Black=3      Inaccurate:     	White=1     	---        OK:         	White=25    	Black=17     Best:        	---       	Black=5      Strong:       	White=1     	Black=2} 1/2-1/2

[Event "57th Biel Festival MTO 2024"]
[White "Koustav Chatterjee"]
[Black "Jumabayev,Rinat"]
[Site "Biel"]
[Round "4.2"]
[Annotator "TA"]
[Result "1/2-1/2"]
[Date "2024.07.18"]
[WhiteElo "2525"]
[BlackElo "2575"]
[PlyCount "57"]
[TimeControl "60"]

1. Nf3 d5 2. g3 c5 3. Bg2 Nf6 4. O-O g6 5. c4 Bg7 6. Qa4+ Bd7 7. Qb3 dxc4 8. Qxc4 (8. Qxb7 $2 {loses.} Bc6 9. Ne5 Bxb7 $19 )Qb6 9. Ne5 Be6 10. Qa4+ Nbd7 11. Nc4 $36 {[%emt 0:7:0][%mdl 2048] Black is under pressure.} Qc7 12. d3 Bd5 13. Bf4 Qc8 14. e4 Bc6 15. Qb3 O-O 16. Nc3 Nh5 17. Bg5 Qd8 18. Nd5 Nhf6 19. a4 e6 20. Nc3 Qb8 {[%emt 0:2:2] Repels e5} 21. h3 {[%emt 0:7:45] White has more active pieces.} (21. Bf4 $16 e5 22. Bd2 )Ne5 $11 22. Nxe5 Qxe5 23. Bf4 Qd4 24. Nb5 Qd7 25. Rfd1 Rfd8 26. Nc7 Rac8 27. Nb5 Ra8 (27... b6 $5 )28. Nc7 Rac8 29. Nb5 {[%emt 0:0:5] Weighted Error Value: White=0.07 (flawless) /Black=0.06 (flawless) .  Mistake:       	White=1     	---        Inaccurate:     	White=2     	Black=2      OK:         	White=11    	Black=12     Best:        	White=1     	---} 1/2-1/2

[Event "57th Biel Festival MTO 2024"]
[White "Aryan Chopra"]
[Black "Xue,Haowen"]
[Site "Biel"]
[Round "4.3"]
[Annotator "TA"]
[Result "1-0"]
[Date "2024.07.18"]
[WhiteElo "2631"]
[BlackElo "2452"]
[PlyCount "115"]
[TimeControl "60"]

1. e4 c6 2. d4 d5 3. e5 Bf5 4. h4 h5 5. c4 e6 6. Nc3 Ne7 7. Nge2 {[%emt 0:0:29] B12: Caro-Kann: Advance Variation.} Nd7 8. Ng3 Bg6 9. Bg5 Qb6 10. Rc1 $1 {[%emt 0:0:34] The main line 10.Rc1 scores better than 10.Qd2.} dxc4 11. Bxc4 Rd8 12. Na4 Qa5+ 13. Bd2 Qc7 14. O-O Nb6 15. Ba5 Nf5 16. Nxf5 Bxf5 17. Rc3 $146 ({Predecessor:} 17. Re1 Be7 18. g3 O-O 19. Bb3 g6 20. Qd2 Kh7 21. Qe3 Rg8 22. Kg2 g5 23. Bc2 Bxc2 24. Rxc2 gxh4 25. Qf3 Rxd4 26. Qxf7+ Rg7 27. Qxh5+ Kg8 28. Qe8+ {½-½ Enescu,C (2419)-Montgomery,R (2284) EU-chT12 sf1 email 2021} )Be7 18. Rb3 Qd7 19. Nxb6 axb6 20. Bxb6 Ra8 21. a3 Bxh4 22. Bd3 Be7 23. Bxf5 exf5 24. Qf3 g6 25. Rd1 O-O 26. d5 cxd5 27. Qxd5 Qxd5 (27... Qc6 $142 )28. Rxd5 $16 Rac8 (28... Rfc8 $16 )29. Be3 (29. Rd7 $1 $18 Rfe8 30. g3 (30. Rxb7 Rc1+ 31. Kh2 Rc4 $16 ))Rc7 $16 30. Rdb5 $1 Rb8 31. e6 Bd6 32. Rb6 Rd8 {[%emt 0:1:17] [#]} 33. exf7+ $1 ({Resist} 33. Rxb7 $6 fxe6 34. Rxc7 Bxc7 $11 )Rxf7 {[%emt 0:1:13] [#]} 34. Rxb7 (34. g3 $142 $1 )f4 $16 35. Ba7 $1 Be5 36. Kf1 Rd2 (36... g5 $142 )37. a4 (37. Rxf7 $16 Kxf7 38. a4 )Rf6 ({Black should play} 37... Rxb7 $1 $14 38. Rxb7 Bxb2 )38. Re7 $2 ({Better is} 38. R7b6 $18 {And now a5 would win.} Rf7 39. Rxg6+ Kh7 40. Rg5 )Bd6 $2 (38... Rxb2 $11 {and Black stays safe.} 39. Rxb2 Bxb2 )39. Re4 $18 Bc7 40. Bd4 Rd6 41. Bc3 Rc2 42. Rb7 (42. Rxf4 $2 {too greedy.} Rd1+ 43. Be1 Bxf4 $19 )Rd1+ 43. Re1 Rxe1+ 44. Kxe1 Bd6 45. Rg7+ Kf8 46. Rxg6 Be7 47. a5 f3 48. gxf3 h4 49. Rh6 Kf7 50. f4 Rc1+ 51. Ke2 Rh1 52. a6 Ra1 53. Kf3 Ra4 54. Kg4 Bc5 55. b4 Bxf2 56. b5 Be3 57. Be5 Rb4 58. a7 1-0

[Event "57th Biel Festival MTO 2024"]
[White "Mendonca,Leon Luke"]
[Black "Deuer,Marius"]
[Site "Biel"]
[Round "4.4"]
[Annotator "TA"]
[Result "1-0"]
[Date "2024.07.18"]
[WhiteElo "2634"]
[BlackElo "2435"]
[PlyCount "123"]
[TimeControl "60"]

1. e4 c6 2. d4 d5 3. e5 Bf5 4. Nf3 e6 5. Be2 c5 6. c3 Nc6 7. O-O cxd4 {[%emt 0:6:21] B12: Caro-Kann (Vorstoß-Variante).} 8. Nxd4 Nge7 9. Bb5 a6 10. Bxc6+ bxc6 11. Be3 Bg6 $146 ({Predecessor:} 11... c5 12. Nb3 Nc6 13. Nxc5 Bxc5 14. Bxc5 Nxe5 15. Nd2 f6 16. Qh5+ Bg6 17. Qh3 Bf5 18. Qh5+ Bg6 19. Qh3 Bf5 20. Qh5+ {½-½ Galiana Fernandez,A (2260)-Sos Andreu,E (2343) Mutxamel IM 2nd 2020 (4)} )12. Nd2 c5 13. N4b3 c4 14. Nc5 Qb8 15. Nxc4 Nf5 16. Na3 Bxc5 17. Bxc5 Qc7 18. b4 Ne7 19. Re1 O-O 20. Nc2 Rfc8 21. Nd4 Nc6 22. Qe2 Be4 23. f3 Bg6 24. Nb3 Nd8 25. a4 a5 (25... Nb7 $16 26. Bd4 Bf5 )26. b5 $18 ({Lieber nicht} 26. Nxa5 Rxa5 27. Bd4 Raa8 $17 )(26. bxa5 Nb7 27. Bb4 Nxa5 28. Nxa5 (28. Bxa5 Rxa5 29. Nxa5 Qxa5 $18 )Rxa5 29. Bxa5 Qxa5 $18 )Nb7 27. Bd4 $1 Qd8 28. Ra2 Qe7 29. Qe3 Rc4 30. h3 h5 31. Kh1 Rac8 32. Kh2 Bf5 33. Ree2 Bb1 34. Ra1 Bg6 35. Ree1 $2 (35. Rea2 $18 )Bc2 $14 36. Nd2 Rxa4 37. Rxa4 Bxa4 38. Qd3 Nc5 39. Qb1 Qb7 (39... Qg5 $11 40. Re2 Nd7 )40. b6 Bd7 41. Rc1 a4 42. c4 Na6 43. cxd5 (43. Qb2 $16 )Qxd5 $11 44. Rxc8+ Bxc8 45. Qc2 Qxd4 (45... Bd7 $11 46. Qd3 Bb5 )46. Qxc8+ $16 Kh7 47. Qxa6 Qf4+ 48. Kh1 Qxd2 49. Qxa4 Qe1+ $2 (49... Qc1+ $16 {leistet mehr Widerstand.} 50. Kh2 Qb2 )50. Kh2 $18 Qxe5+ 51. f4 Qb2 {[%emt 0:5:27] [#]} 52. Qe4+ $1 Kh6 53. b7 Qb6 {[%emt 0:0:5] [#]} 54. f5 $1 Qd6+ 55. Kg1 Qd1+ 56. Kf2 Qd2+ 57. Kf3 Qd1+ 58. Kg3 Qb3+ 59. Qf3 h4+ 60. Kxh4 Qb4+ 61. Kg3 e5 62. Qg4 1-0

[Event "57th Biel Festival MTO 2024"]
[White "Assaubayeva,Bibisara"]
[Black "Nesterov,Arseniy"]
[Site "Biel"]
[Round "4.5"]
[Annotator "TA"]
[Result "1/2-1/2"]
[Date "2024.07.18"]
[WhiteElo "2472"]
[BlackElo "2609"]
[PlyCount "41"]
[TimeControl "60"]

1. c4 e6 2. Nc3 d5 3. d4 Nf6 4. Bg5 Be7 5. e3 O-O 6. Nf3 Nbd7 7. Qc2 h6 8. Bh4 c5 9. cxd5 Nxd5 10. Bxe7 Nxe7 11. dxc5 Qa5 12. a3 {[%emt 0:3:35] b4 would now be deadly. White is slightly better.} Qxc5 13. b4 Qc7 14. Rc1 a5 15. Be2 axb4 16. axb4 Nf6 17. O-O Qb6 18. Qb3 Ned5 19. Nxd5 Nxd5 20. Bc4 Nf6 21. Ne5 {[%emt 0:3:41] Weighted Error Value: White=0.05 (flawless) /Black=0.04 (flawless) .  Inaccurate:     	White=1     	---        OK:         	White=5     	Black=4} 1/2-1/2